 Dungeon Crawl Stone Soup version 0.27-a0-1591-gc56fcc985a (webtiles) character file.

Game seed: 916357503284587496

877 DocSulfur the Ruffian (level 7, -6/57 HPs)
             Began as a Purple Draconian Transmuter on July 19, 2021.
             Mangled by Harold (20 damage)
             ... on level 7 of the Dungeon.
             The game lasted 00:10:51 (5378 turns).

DocSulfur the Ruffian (Purple Draconian Transmuter) Turns: 5378, Time: 00:10:51

Health: -6/57      AC:  8    Str: 17    XL:     7   Next: 75%
Magic:  3/3        EV: 12    Int: 12    God:
Gold:   233        SH:  5    Dex: 17    Spells: 7/10 levels left

rFire    + . .     SeeInvis +   p - +11 great mace of Liric {antimagic, rF+ Str+3 Int-2 SInv}
rCold    . . .     Faith    .   (shield currently unavailable)
rNeg     . . .     Spirit   .   (armour unavailable)
rPois    .         Reflect  +   (helmet restricted)
rElec    .         Harm     .   x - +0 cloak {Will+}
rCorr    .         Rampage  .   y - +0 pair of gloves
Will     ++...                  (no boots)
Stlth    ++........             r - amulet of reflection
HPRegen  0.19/turn              h - +6 ring of dexterity
MPRegen  0.08/turn              (no ring)

@: no status effects
A: breathe power, AC +6, unfitting armour, cold-blooded
a: Breathe Dispelling Energy


You were on level 7 of the Dungeon.
You visited 1 branch of the dungeon, and saw 7 of its levels.

You collected 233 gold pieces.

Inventory:

Hand Weapons
 c - a +0 hunting sling
 p - the +11 great mace of Liric (weapon) {antimagic, rF+ Str+3 Int-2 SInv}
   (You found it on level 4 of the Dungeon)

   It reduces the magical energy of the wielder, and disrupts the spells and
   magical abilities of those it strikes.
   Natural abilities and divine invocations are not affected.
   Str:       It affects your strength (+3).
   Int:       It affects your intelligence (-2).
   rF:        It protects you from fire.
   SInv:      It lets you see invisible.
Missiles
 g - 91 stones
 v - 14 poisoned darts
Armour
 x - a +0 cloak of willpower (worn)
 y - a +0 pair of gloves (worn)
Jewellery
 h - a +6 ring of dexterity (left hand)
 r - an amulet of reflection (around neck)
Scrolls
 b - 2 scrolls of silence {unknown}
 d - 2 scrolls of enchant weapon {unknown}
 f - 2 scrolls of enchant armour {unknown}
 i - a scroll of brand weapon {unknown}
 j - a scroll of blinking {unknown}
 k - 2 scrolls of fog {unknown}
 l - 2 scrolls of vulnerability {unknown}
 m - 3 scrolls of noise {unknown}
 n - 2 scrolls of identify {unknown}
 q - a scroll of holy word {unknown}
 z - a scroll of teleportation {unknown}
Potions
 a - a potion of heal wounds
 e - a potion of attraction {unknown}
 o - 2 potions of flight {unknown}
 s - a potion of curing {unknown}
 t - a potion of lignification {unknown}
 u - a potion of might {unknown}
 w - a potion of degeneration {unknown}


   Skills:
 + Level 3.2 Fighting
 - Level 1.7 Dodging
 * Level 7.5 Unarmed Combat
 - Level 2.4 Spellcasting
 + Level 5.1 Transmutations


You had 7 spell levels left.
You knew the following spells:

 Your Spells              Type           Power      Damage    Failure   Level
a - Beastly Appendage     Tmut           26%        N/A       3%          1
b - Wereblood             Tmut           13%        N/A       4%          2

Your spell library contained the following spells:

 Spells                   Type           Power      Damage    Failure   Level
 Shock                    Conj/Air       4%         1d3       26%         1
 Spider Form              Tmut/Pois      3%         N/A       28%         3
 Swiftness                Air            1%         N/A       61%         3
 Ice Form                 Ice/Tmut       7%         N/A       67%         4
 Airstrike                Air            0%         N/A       95%         4


Dungeon Overview and Level Annotations

Branches:
Dungeon (7/15)
 Temple: D:4-7

Altars:
Makhleb

Annotations:
D:7 Harold


Innate Abilities, Weirdness & Mutations

You can breathe bolts of dispelling energy.
Your rich purple scales are hard. (AC +6)
You cannot fit into any form of body armour.
You are cold-blooded and may be slowed by cold attacks.


Message History

The centaur zombie is almost destroyed.
The centaur zombie closely misses you.
The centaur zombie kicks you but does no damage.
You block the centaur zombie's attack. The centaur zombie closely misses you.
The centaur zombie barely misses you. The centaur zombie closely misses you.
You sock the centaur zombie!
You destroy the centaur zombie!
Your Fighting skill increases to level 3!
Your Transmutations skill increases to level 5!
Unknown command.
You see here 16 gold pieces.
The bullfrog gives a loud, deep croak!
You bludgeon the bullfrog!!
You kill the bullfrog!
You now have 233 gold pieces (gained 16).
Harold the Weathered comes into view.
He is wielding a +0 scimitar.
Found a ring mail.
There is a stone staircase leading down here.
Harold shouts!
Harold casts a spell at you.
You barely resist. You barely miss Harold.
Harold says, "Try to look on the bright side.
Your death will help put my children through school."
Harold closely misses you. Harold hits you with a +0 scimitar!
You thump Harold!
Harold's magic leaks into the air.
Harold is lightly wounded.
Harold misses you. Harold casts a spell at you.
You barely resist. You sock Harold!
Harold's magic leaks into the air.
Harold is moderately wounded.
Harold hits you with a +0 scimitar.
You barely miss Harold.
Harold is moderately wounded.
Harold hits you with a +0 scimitar! Harold hits you with a +0 scimitar!!
* * * LOW HITPOINT WARNING * * *
You sock Harold!
Harold's magic leaks into the air.
Harold is heavily wounded.
Harold hits you with a +0 scimitar!!
You die...

#.......#
##..##.##.##.#
#.####..#
.....##.......# #
###..##[##.######.####
#.##.......##.# ###.#
#.............# #...#
#.†..#..######## #.###
#.......##.....# #.#
#......#.##....[# #.#
##.#.#.#>..@@...# #.#
#.........#.....# #.#
.##..#.##.#.....#
#.####
...........#######
#<...# .... ####
####.# #.## #.# #. #.#
# #.# #.#


You could see Harold.

Vanquished Creatures
  2 centaur zombies
  Menkaure (D:6)
  A necrophage (D:6)
  A bullfrog (D:7)
  A scorpion (D:4)
  Crazy Yiuf (D:4)
  An iguana (D:4)
  2 gnolls (D:6)
  4 adders
  A white imp (D:7)
  An ufetubus (D:4)
  2 worms (D:2)
  2 dart slugs
  An orc (D:3)
  12 bats
  5 endoplasms
  3 giant cockroaches
  8 goblins
  2 hobgoblins
  10 kobolds
  3 quokkas
  6 ball pythons
  4 frilled lizards
  6 rats
80 creatures vanquished.

Notes
Turn   | Place    | Note
-------+----------+-------------------------------------------
     0 | D:1      | DocSulfur the Draconian Transmuter began the quest for the
                  | Orb.
     0 | D:1      | Reached XP level 1. HP: 16/16 MP: 3/3
   386 | D:1      | Reached XP level 2. HP: 19/23 MP: 5/5
  1115 | D:1      | Reached XP level 3. HP: 28/28 MP: 4/6
  1216 | D:2      | Reached skill level 4 in Unarmed Combat
  1819 | D:2      | Found a faded altar of an unknown god.
  1876 | D:2      | Learned a level 2 spell: Wereblood
  2112 | D:3      | Reached XP level 4. HP: 27/35 MP: 5/7
  2815 | D:3      | Found a burning altar of Makhleb.
  2819 | D:3      | Noticed a cacodemon
  2822 | D:3      | Noticed a hellwing
  2822 | D:3      | Noticed a smoke demon
  3071 | D:4      | Identified the +11 great mace of Liric {antimagic, rF+
                  | Str+3 Int-2 SInv}
  3098 | D:4      | Found a runed translucent door.
  3099 | D:4      | Noticed Crazy Yiuf
  3231 | D:4      | Noticed a scorpion
  3239 | D:4      | Killed a scorpion
  3240 | D:4      | Reached skill level 5 in Unarmed Combat
  3240 | D:4      | Reached XP level 5. HP: 13/40 MP: 2/8
  4291 | D:4      | Killed Crazy Yiuf
  4605 | D:5      | Entered Level 5 of the Dungeon
  4656 | D:6      | Noticed an ogre
  4675 | D:6      | Noticed Menkaure
  4682 | D:6      | Killed Menkaure
  4683 | D:6      | Reached skill level 6 in Unarmed Combat
  4683 | D:6      | Reached XP level 6. HP: 31/47 MP: 3/9
  4869 | D:6      | Reached skill level 7 in Unarmed Combat
  4869 | D:6      | Your scales start taking on a rich purple colour.
  4869 | D:6      | Reached XP level 7. HP: 24/56 MP: 2/10
  5355 | D:7      | Reached skill level 5 in Transmutations
  5369 | D:7      | Noticed Harold
  5378 | D:7      | Mangled by Harold

Illustrated notes

Levels and vault maps discovered:
D:1:      saegor_arrival_simple_e, layout_loops_ring, chequers_mini_garden,
          minmay_crystal_water, grunt_decor_fettered
D:2:      layout_basic, ebering_ecumenical_altar_webs, minmay_crystal_room,
          roderic_roman_lattice
D:3:      layout_basic, makhleb_altar_promises_db
D:4:      layout_loops_ring, kennysheep_generic_room_3, uniq_crazy_yiuf_cottage
D:5:      layout_basic
D:6:      layout_gridville, minmay_temple_entry_waves, gup_sewer_entry_bubbles,
          uniq_menkaure
D:7:      layout_loops_cross, xom_shifter_show, grunt_ministairs_14,
          corner_web_ring, item_on_display_a, uniq_harold

Skill      XL: |  1  2  3  4  5  6  7 |
---------------+----------------------+-----
Unarmed Combat | 4 5 6 7 |  7.5
Transmutations | 3 4 5 |  5.1
Fighting       | 2 3 |  3.2
Dodging        | |  1.7
Spellcasting   | |  2.4

Action                   |  1- 3 |  4- 6 |  7- 9 || total
-------------------------+-------+-------+-------++-------
Melee: Unarmed           |   120 |    53 |       ||   173
       Kick              |    32 |    14 |       ||    46
       Headbutt          |    12 |     4 |       ||    16
       Tailslap          |    11 |    10 |     4 ||    25
       Punch             |     1 |     2 |       ||     3
       Great mace        |       |    23 |    27 ||    50
 Cast: Beastly Appendage |    34 |    23 |       ||    57
  Use: Potion            |       |     1 |       ||     1
Armor: Skin              |    47 |    41 |    10 ||    98
Dodge: Dodged            |    87 |    46 |    26 ||   159
Block: Other             |       |     1 |     4 ||     5

Table legend: (Time is in decaauts)
 A = Elapsed time spent in this place.
 B = Non-inter-level travel time spent in this place.
 C = Inter-level travel time spent in this place.
 D = Time resting spent in this place.
 E = Time spent auto-exploring this place.
 F = Levels seen in this place.
 G = Mean time per level.
                   A        B        C        D        E       F      G
               +--------+--------+--------+--------+--------+-----+--------+
         Total |   5391 |   5186 |    205 |    403 |   3415 |   7 |  770.1 |
       Dungeon |   5391 |   5186 |    205 |    403 |   3415 |   7 |  770.1 |
               +--------+--------+--------+--------+--------+-----+--------+

Top non-repeatable levels by time:
     D:4: 1531 daAuts
     D:1: 1142 daAuts
     D:3: 1026 daAuts
     D:2: 886 daAuts
     D:6: 513 daAuts
     D:7: 257 daAuts
     D:5: 36 daAuts
